 Dungeon Crawl Stone Soup version 0.27.1-33-g824d729ab1 (webtiles) character file.

Game seed: 2899253043134434180

11 Minsecho the Grasshopper (level 2, -1/17 HPs)
             Began as a Tengu Warper on Dec 5, 2021.
             Slain by a quokka (3 damage)
             ... on level 1 of the Dungeon.
             The game lasted 00:00:44 (343 turns).

Minsecho the Grasshopper (Tengu Warper)              Turns: 343, Time: 00:00:45

Health: -1/17      AC:  5    Str: 11    XL:     2   Next: 29%
Magic:  6/6        EV: 12    Int: 13    God:
Gold:   12         SH:  0    Dex: 13    Spells: 5/5 levels left

rFire    . . .     SeeInvis .   a - +0 falchion
rCold    . . .     Faith    .   (no shield)
rNeg     . . .     Spirit   .   b - +0 leather armour
rPois    .         Reflect  .   g - +2 hat
rElec    .         Harm     .   (no cloak)
rCorr    .         Rampage  .   (no gloves)
Will     .....                  (boots unavailable)
Stlth    +.........             (no amulet)
HPRegen  0.05/turn              (no ring)
MPRegen  0.10/turn              (no ring)

@: no status effects
A: beak, talons 3
a: no special abilities


You were on level 1 of the Dungeon.
You visited 1 branch of the dungeon, and saw 1 of its levels.

You collected 12 gold pieces.

Inventory:

Hand Weapons
 a - a +0 falchion (weapon)
Missiles
 d - 5 boomerangs of dispersal (quivered)
Armour
 b - a +0 leather armour (worn)
 g - a +2 hat (worn)
Scrolls
 c - a scroll of blinking
 e - a scroll of enchant armour {unknown}
 f - a scroll of noise {unknown}


   Skills:
 + Level 2.0 Fighting
 + Level 2.5 Long Blades
 + Level 1.0 Throwing
 + Level 1.1 Armour
 + Level 2.2 Dodging
 + Level 2.0 Spellcasting
 + Level 2.8 Translocations


You had 5 spell levels left.
You didn't know any spells.
Your spell library contained the following spells:

 Spells                   Type           Power      Damage    Failure   Level
 Blink                    Tloc           N/A        N/A       16%         2
 Gell's Gravitas          Tloc           4%         N/A       30%         3
 Lesser Beckoning         Tloc           4%         N/A       30%         3
 Teleport Other           Tloc           8%         N/A       30%         3
 Manifold Assault         Tloc           8%         N/A       96%         5


Dungeon Overview and Level Annotations

Branches:
Dungeon (1/15)

Altars:


Innate Abilities, Weirdness & Mutations

You have a beak for a mouth.
You have claws for feet.


Message History

The quokka bites you but does no damage. x2
You barely miss the frilled lizard. Your kick misses the frilled lizard.
The frilled lizard bites you. The quokka barely misses you.
You riposte.
You barely miss the quokka. You claw the quokka.
The quokka is severely wounded.
You closely miss the frilled lizard. You claw the frilled lizard.
You kill the frilled lizard!
The quokka bites you but does no damage.
The quokka bites you.
You closely miss the quokka.
The quokka is severely wounded.
The quokka bites you but does no damage. x2
The quokka bites you.
The quokka twitches its whiskers.
The quokka bites you.
You barely miss the quokka. Your kick misses the quokka.
Your peck misses the quokka.
The quokka twitches its whiskers.
The quokka barely misses you.
You completely miss the quokka. You claw the quokka.
The quokka is heavily wounded.
The quokka misses you.
You hit the quokka but do no damage. Your kick misses the quokka.
The quokka is heavily wounded.
The quokka bites you. The quokka completely misses you.
You riposte.
You closely miss the quokka.
The quokka is heavily wounded.
You barely miss the quokka.
The quokka is heavily wounded.
The quokka barely misses you.
You hit the quokka but do no damage.
The quokka is heavily wounded.
The quokka barely misses you. The quokka bites you.
* * * LOW HITPOINT WARNING * * *
You closely miss the quokka. You claw the quokka.
You kill the quokka!
You barely miss the quokka.
The quokka is heavily wounded.
The quokka barely misses you. The quokka bites you.
You die...

#......≈≈≈≈≈..<..≈≈≈≈≈..#
#.###....≈≈≈≈...≈≈≈≈....#
# #..#...).≈≈≈≈≈≈≈.....##
# #.###...≈..≈≈≈..≈...##
#$#. #8..≈....≈....≈..8#
#.# ##.....#..≈..#.....#
#.. #....####...####....#
.###..##.B#######.##
###..#
.........rr@....#.# ###
.≈≈≈≈≈†.#######...#
≈≈.≈≈≈P.# #.### ≈≈≈≈♣≈≈.#
#.# ≈≈≈≈≈.≈.# #.#
≈≈≈≈...?# #.# ≈≈≈≈≈≈P##
#.# P..P... #.# #######
#..


You could see 2 quokkas and a giant cockroach.

Vanquished Creatures
  A dart slug (D:1)
  A ball python (D:1)
  A bat (D:1)
  3 goblins (D:1)
  A quokka (D:1)
  A frilled lizard (D:1)
8 creatures vanquished.

Notes
Turn   | Place    | Note
-------+----------+-------------------------------------------
     0 | D:1      | Minsecho the Tengu Warper began the quest for the Orb.
     0 | D:1      | Reached XP level 1. HP: 12/12 MP: 4/4
    46 | D:1      | Reached XP level 2. HP: 15/17 MP: 6/6
   343 | D:1      | Slain by a quokka

Illustrated notes

Levels and vault maps discovered:
D:1:      eino_arrival_water_star, layout_basic, serial_bayou_pond_b,
          minmay_tree_intersection

Action                   || total
-------------------------++-------
Melee: Falchion          ||    21
       Kick              ||     6
       Peck              ||     2
Armor: Leather armour    ||     6
Dodge: Dodged            ||    13
       Rpst.: Falchion   ||     4
